 Dungeon Crawl Stone Soup version 0.23-b1-6-ga921848 (webtiles) character file.

Game seed: 7462760513162312561

668 HEYYEYAAE the Quickloader (level 7, -4/46 HPs)
             Began as an Octopode Hunter on Feb 2, 2019.
             Was a Follower of Okawaru.
             Slain by a gnoll
             ... wielding a +0 spear
              (9 damage)
             ... on level 4 of the Dungeon.
             The game lasted 00:03:58 (3265 turns).

HEYYEYAAE the Quickloader (Octopode Hunter)         Turns: 3265, Time: 00:03:59

Health: -4/46      AC:  1    Str: 12    XL:     7   Next: 58%
Magic:  7/7        EV: 14    Int: 13    God:    Okawaru [*.....]
Gold:   192        SH:  0    Dex: 14    Spells: 6/6 levels left

rFire    . . .     SeeInvis .   q - +2 short sword (venom)
rCold    . . .     Gourm    .   (no shield)
rNeg     . . .     Faith    .   (helmet restricted)
rPois    .         Spirit   .   g - amulet of harm
rElec    .         Reflect  .   (no ring)
rCorr    .         Harm     +   (no ring)
MR       .....                  (no ring)
Stlth    +++.......             (no ring)
HPRegen  0.15/turn              (no ring)
MPRegen  0.10/turn              (no ring)
                                (no ring)
                                (no ring)

@: lethally poisoned (-4 -> -6)
A: almost no armour, stealthy swim, amphibious, 8 rings, constrict 8, camouflage
1, gelatinous body 1
a: Heroism, Renounce Religion


You were on level 4 of the Dungeon.
You worshipped Okawaru.
Okawaru was aware of your devotion.
You were very hungry.

You visited 1 branch of the dungeon, and saw 4 of its levels.

You collected 192 gold pieces.

Inventory:

Hand Weapons
 a - a +2 hand crossbow
 b - a +0 short sword
 n - a +3 whip
 q - a +2 short sword of venom (weapon)
Missiles
 c - 19 bolts
Jewellery
 f - an uncursed ring of fire
 g - an amulet of harm (around mantle)
Wands
 p - a wand of flame (17)
Scrolls
 e - a scroll of noise
 h - a scroll of blinking {unknown}
 i - 2 scrolls of identify
 l - a scroll of teleportation
 t - 4 scrolls of fog {unknown}
Potions
 m - a potion of heal wounds
 o - a potion of lignification {unknown}
 r - 4 potions of curing
Comestibles
 d - 10 rations


   Skills:
 + Level 3.4 Fighting
 * Level 8.0 Crossbows
 + Level 3.4 Dodging
 - Level 1.3 Stealth


You had 6 spell levels left.
You didn't know any spells.
Your spell library was empty.

Dungeon Overview and Level Annotations

Branches:
Dungeon (4/15)
 Temple: D:4-7

Altars:
Okawaru
Vehumet

Shops:
D:4 [


Innate Abilities, Weirdness & Mutations

You cannot wear most types of armour.
You are very stealthy in the water. (Stealth+)
You are amphibious.
You can wear up to eight rings at the same time.
You can use your tentacles to constrict eight enemies at once.
Your skin changes colour to match your surroundings (Stealth+).
Your rubbery body absorbs attacks. (AC +1, EV +1)


Message History

You hit the adder skeleton.
The adder skeleton is almost destroyed.
You constrict the adder skeleton.
You destroy the adder skeleton!
Okawaru accepts your kill.
You feel sick.
You hit the scorpion.
The scorpion is poisoned.
Your grab misses the scorpion. Your squeeze misses the scorpion.
The scorpion is lightly wounded.
The gnoll hits you from afar with a +0 spear.
The scorpion stings you!
* * * LOW HITPOINT WARNING * * *
The gnoll hits you from afar with a +0 spear.
* * * LOW HITPOINT WARNING * * *
You hit the scorpion. You grab the scorpion. You squeeze the scorpion.
The scorpion is moderately wounded.
You constrict the scorpion.
You feel sick. The scorpion stings you!
* * * LOW HITPOINT WARNING * * *
The gnoll hits you from afar with a +0 spear!
You die...

.♣... #.≈≈≈. #P≈≈≈.≈ ####
..≈.≈≈≈ ...# .sZ≈≈≈♣ ...#
.P≈≈≈≈≈ ...# #####..≈.≈≈P ...#
########.@sZ..≈≈≈≈≈ ...#
#........##g.♣≈≈≈≈≈
...#####....##..##.## ≈.♣
.........##......... .
.........##.######.##
.............. ..#
.........##.## #####
............####...# ## #
########..###.##.#.######.##.#


You could see a scorpion, a gnoll and a quokka skeleton.

Vanquished Creatures
  2 ogres
  3 scorpions (D:4)
  A howler monkey (D:3)
  A hound (D:4)
  An iguana (D:4)
  2 orc wizards (D:4)
  A worker ant (D:4)
  8 adders
  An ooze (D:3)
  An adder skeleton (D:4)
  6 worms
  4 leopard geckos
  6 orcs
  4 giant cockroaches
  2 goblins
  9 hobgoblins
  7 jackals
  3 quokkas
  A ball python (D:1)
  3 bats
  4 frilled lizards
  7 kobolds
  17 rats
94 creatures vanquished.

Notes
Turn   | Place    | Note
-------+----------+-------------------------------------------
     0 | D:1      | HEYYEYAAE the Octopode Hunter began the quest for the Orb.
     0 | D:1      | Reached XP level 1. HP: 14/14 MP: 1/1
   139 | D:1      | Reached XP level 2. HP: 19/19 MP: 2/2
   710 | D:2      | Reached skill level 5 in Crossbows
   710 | D:2      | Reached XP level 3. HP: 24/24 MP: 3/3
   733 | D:2      | Found an iron altar of Okawaru.
   746 | D:2      | Became a worshipper of Warmaster Okawaru
   901 | D:2      | Reached XP level 4. HP: 29/29 MP: 4/4
  1057 | D:2      | Noticed an ogre
  1063 | D:2      | Killed an ogre
  1063 | D:2      | Reached skill level 6 in Crossbows
  1063 | D:2      | Reached XP level 5. HP: 34/34 MP: 5/5
  1271 | D:2      | Found a radiant altar of Vehumet.
  1989 | D:3      | Reached XP level 6. HP: 39/39 MP: 6/6
  2005 | D:3      | Reached skill level 7 in Crossbows
  2635 | D:4      | Reached * piety under Okawaru
  2650 | D:4      | Found Baefid's Armour Shoppe.
  2707 | D:4      | Reached XP level 7. HP: 45/45 MP: 7/7
  3257 | D:4      | Reached skill level 8 in Crossbows
  3265 | D:4      | Slain by a gnoll

Skill      XL: |  1  2  3  4  5  6  7 |
---------------+----------------------+-----
Crossbows      | 5 6 7 8 |  8.0
Fighting       | 3 |  3.4
Dodging        | 3 |  3.4
Stealth        | |  1.3

Action                   |  1- 3 |  4- 6 |  7- 9 || total
-------------------------+-------+-------+-------++-------
Melee: Short sword       |       |    17 |    25 ||    42
       Constrict         |       |     6 |     5 ||    11
       Whip              |       |    31 |       ||    31
       Tentacles         |       |     4 |     7 ||    11
 Fire: Hand crossbow     |    71 |    88 |    10 ||   169
  Use: Scroll            |       |     8 |       ||     8
 Stab: Sleeping          |       |     9 |       ||     9
  Eat: Chunk             |       |     5 |     1 ||     6
Armor: Skin              |     2 |     5 |     2 ||     9
Dodge: Dodged            |     9 |    49 |     8 ||    66
